 Dungeon Crawl Stone Soup version 0.27-a0-906-g0a00ce863d (webtiles) character file.

Game seed: 5367094724090301938

802 dickylongcocking the Magician (level 7, -6/54 HPs)
             Began as a Djinni Fire Elementalist on Apr 7, 2021.
             Killed by divine providence
             ... invoked by an orc priest
              (11 damage)
             ... on level 5 of the Dungeon on Apr 8, 2021.
             The game lasted 00:05:46 (6004 turns).

dickylongcocking the Magician (DjFE)                Turns: 6004, Time: 00:05:47

Health: -6/54      AC:  2    Str:  7    XL:     7   Next: 90%
Gold:   199        EV: 13    Int: 18    God:
                   SH:  0    Dex: 14

rFire    + + .     SeeInvis .   g - +2 dagger (venom)
rCold    x . .     Faith    .   (no shield)
rNeg     . . .     Spirit   .   a - +0 robe
rPois    ∞         Reflect  .   (helmet restricted)
rElec    .         Harm     .   (no cloak)
rCorr    .         Rampage  .   (no gloves)
Will     .....                  (boots unavailable)
Stlth    ++........             (no amulet)
HPRegen  0.18/turn              (no ring)
MPRegen  0.00/turn              (no ring)

@: brilliant, flying
A: fire resistance 2, cold vulnerability 1, float, innate caster, hp casting,
extra vitality 1, horns 1
a: no special abilities


You were on level 5 of the Dungeon.
You visited 1 branch of the dungeon, and saw 6 of its levels.

You collected 199 gold pieces.

Inventory:

Hand Weapons
 c - a +0 dagger
 g - a +2 dagger of venom (weapon)
 i - a +0 short sword
Armour
 a - a +0 robe (worn)
Jewellery
 e - a ring of magical power
Wands
 l - a wand of digging (6)
Scrolls
 d - 6 scrolls of identify {unknown}
 f - 2 scrolls of enchant weapon {unknown}
 j - a scroll of noise {unknown}
 k - a scroll of acquirement {unknown}
 m - a scroll of teleportation {unknown}
 n - 2 scrolls of enchant armour {unknown}
 o - a scroll of silence {unknown}
Potions
 p - a potion of magic {unknown}


   Skills:
 * Level 5.0 Fighting
 - Level 1.1 Short Blades
 - Level 3.0 Dodging
 - Level 2.5 Stealth
 * Level 5.5 Spellcasting


You couldn't memorise any spells.
You knew the following spells:

 Your Spells              Type           Power      Damage    Failure   Level
a - Foxfire               Conj/Fire      100%       2x1d9     1%          1
b - Conjure Flame         Conj/Fire      37%        6-21      3%          3
c - Inner Flame           Hex/Fire       37%        N/A       3%          3
d - Sticky Flame          Conj/Fire      37%        2d6       13%         4
e - Fireball              Conj/Fire      18%        3d9       34%         5
f - Corona                Hex            41%        N/A       1%          1
g - Passwall              Tmut/Erth      30%        N/A       1%          2
h - Searing Ray           Conj           74%        3d6       1%          2
Your spell library was empty.

Dungeon Overview and Level Annotations

Branches:
Dungeon (6/15)
 Temple: D:4-7

Altars:
Elyvilon
Zin

Shops:
D:2 :   D:3 :   D:4 [

Annotations:
D:4 2 transporters, Zeld's ghost, novice OpCj


Innate Abilities, Weirdness & Mutations

You are immune to poison.
Your flesh is very heat resistant. (rF++)
You are vulnerable to cold. (rC-)
You float through the air rather than walking.
You learn spells naturally, not from books.
Your magical power is your life essence.
You have superior vitality. (+4 HP)
You have a pair of small horns on your head.


Message History

You conjure some foxfire!
The hound misses you. The hound completely misses you.
An orc priest comes into view. It is wielding a +0 club.
The hound barely misses you. x2
Unknown command.
You hit the hound.
The hound is almost dead.
The foxfire hits the hound.
You kill the hound!
The foxfire hits the orc.
The orc is moderately wounded.
The hound barely misses you.
Your Fighting skill increases to level 5!
Casting: Foxfire (safe; 1% risk of failure)
Confirm with . or Enter, or press ? or * to list all spells.
You conjure some foxfire!
The hound bites you.
The orc priest mumbles some strange prayers to Beogh against you.
Beogh smites you! The hound misses you. The orc hits you but does no damage.
Unknown command.
You hit the orc but do no damage.
The orc is moderately wounded.
The foxfire hits the orc priest.
The orc priest is lightly wounded.
The foxfire hits the orc.
The orc is severely wounded.
The hound bites you but does no damage. The orc hits you with a +0 club.
The orc priest mumbles some strange prayers to Beogh against you.
Beogh smites you!
* * * LOW HITPOINT WARNING * * *
It was a potion of mutation.
You feel extremely strange.
You feel clumsy.
You feel agile. A pair of horns grows on your head!
The hound barely misses you. x2
It was a potion of brilliance.
You feel clever all of a sudden.
The orc priest looks braver for a moment.
The hound bites you.
* * * LOW HITPOINT WARNING * * *
The orc priest invokes the aid of Beogh against you.
Beogh smites you!
You die...

#.............#
#.............#
#....#'###....#
#....#...#....#
#....#...######
#....'........
#....#........
######oo..###.#####
.....o.@### ##
......h.+ ...o....#
........# ####.....
#..... #.....
#......


You could see a hound, 3 orc priests and an orc.

Vanquished Creatures
  Edmund (D:4)
  An ogre (D:4)
  2 necrophages (D:4)
  A scorpion (D:3)
  2 hounds
  2 jellies (D:4)
  An orc priest (D:4)
  Natasha (thrice) (D:4)
  A hound skeleton (D:5)
  7 adders
  A worm (D:3)
  3 dart slugs (D:3)
  9 orcs
  A bat (D:2)
  7 endoplasms
  A giant cockroach (D:4)
  5 goblins
  4 hobgoblins
  3 jackals (D:2)
  3 kobolds
  2 quokkas (D:2)
  6 ball pythons
  3 frilled lizards
  4 rats
73 creatures vanquished.

Vanquished Creatures (others)
  235 foxfires
235 creatures vanquished.

Grand Total: 308 creatures vanquished

Notes
Turn   | Place    | Note
-------+----------+-------------------------------------------
     0 | D:1      | dickylongcocking the Djinni Fire Elementalist began the
                  | quest for the Orb.
     0 | D:1      | Reached XP level 1. HP: 15/15 MP: 0/0
   188 | D:1      | You are sucked into a shaft and drop 1 floor!
   374 | D:2      | Found a glowing silver altar of Zin.
   454 | D:2      | Reached XP level 2. HP: 9/21 MP: 0/0
   659 | D:2      | Found Afoum's Book Boutique.
  1433 | D:2      | Reached XP level 3. HP: 8/25 MP: 0/0
  1433 | D:2      | Learned a level 1 spell: Corona
  2492 | D:3      | Noticed a scorpion
  2502 | D:3      | Killed a scorpion
  2503 | D:3      | Reached skill level 1 in Fighting
  2503 | D:3      | Reached skill level 1 in Short Blades
  2503 | D:3      | Reached XP level 4. HP: 7/32 MP: 0/0
  3030 | D:3      | Reached XP level 5. HP: 35/37 MP: 0/0
  3030 | D:3      | Learned a level 2 spell: Passwall
  3807 | D:3      | Found Izefucre's Book Boutique.
  3909 | D:4      | Found Kaemyts's Antique Armour Shop.
  3909 | D:4      | Noticed Natasha
  4190 | D:4      | Noticed an ogre
  4190 | D:4      | Killed Natasha
  4203 | D:4      | Killed an ogre
  4204 | D:4      | Reached XP level 6. HP: 24/45 MP: 0/0
  4416 | D:4      | Noticed Natasha
  4420 | D:4      | Killed Natasha
  4425 | D:4      | Noticed Natasha
  4430 | D:4      | Killed Natasha
  4670 | D:4      | HP: 2/46 [orc priest/divine providence (9)]
  4676 | D:4      | Reached XP level 7. HP: 18/51 MP: 0/0
  4676 | D:4      | Learned a level 2 spell: Searing Ray
  4894 | D:4      | Noticed Edmund
  4905 | D:4      | Killed Edmund
  4906 | D:4      | Reached skill level 5 in Spellcasting
  5618 | D:4      | Found a white marble altar of Elyvilon.
  5729 | D:4      | Found a transporter.
  5732 | D:4      | Found a transporter.
  5734 | D:4      | Noticed Zeld's ghost (novice OpCj)
  5822 | D:5      | Entered Level 5 of the Dungeon
  6001 | D:5      | Reached skill level 5 in Fighting
  6003 | D:5      | Gained mutation: You are clumsy. (Dex -2) [potion of
                  | mutation]
  6003 | D:5      | Lost mutation: You are clumsy. (Dex -2) [potion of
                  | mutation]
  6003 | D:5      | Gained mutation: You have a pair of small horns on your
                  | head. [potion of mutation]
  6004 | D:5      | Killed from afar by an orc priest

Illustrated notes

Levels and vault maps discovered:
D:1:      giann_wishing_wells, layout_loops_cross, basic_ecumenical_altar
D:2:      layout_loops_ring, serial_shops, shop, basic_altar
D:3:      minmay_angry_zag, layout_basic, serial_shops, nicolae_shop_stone
D:4:      minmay_diamond_boxcup, layout_rooms, nicolae_elyvilon_peaceful_grove,
          gammafunk_ghost_smash, serial_shops, shop, uniq_edmund, uniq_natasha
D:5:      layout_gridville, kennysheep_mini_moat, minmay_misc_feat_iff
D:6:      gammafunk_steamed_eel, layout_loops_corners,
          lemuel_zombie_altar_yredelemnul, uniq_blork_the_orc

Skill      XL: |  1  2  3  4  5  6  7 |
---------------+----------------------+-----
Stealth        | 2 |  2.5
Spellcasting   | 3 4 5 |  5.5
Fighting       | 1 2 3 5 |  5.0
Short Blades   | 1 |  1.1
Dodging        | 3 |  3.0

Action                   |  1- 3 |  4- 6 |  7- 9 || total
-------------------------+-------+-------+-------++-------
Melee: Dagger            |    61 |    12 |    45 ||   118
       Short sword       |       |    14 |       ||    14
 Cast: Foxfire           |    35 |    95 |    20 ||   150
  Use: Potion            |     1 |     4 |     2 ||     7
 Stab: Sleeping          |     2 |     2 |       ||     4
Armor: Robe              |    13 |     5 |     7 ||    25
Dodge: Dodged            |    47 |    25 |    38 ||   110

Table legend: (Time is in decaauts)
 A = Elapsed time spent in this place.
 B = Non-inter-level travel time spent in this place.
 C = Inter-level travel time spent in this place.
 D = Time resting spent in this place.
 E = Time spent auto-exploring this place.
 F = Levels seen in this place.
 G = Mean time per level.
                   A        B        C        D        E       F      G
               +--------+--------+--------+--------+--------+-----+--------+
         Total |   6000 |   5897 |    103 |    665 |   4642 |   6 | 1000.0 |
       Dungeon |   6000 |   5897 |    103 |    665 |   4642 |   6 | 1000.0 |
               +--------+--------+--------+--------+--------+-----+--------+

Top non-repeatable levels by time:
     D:2: 2218 daAuts
     D:3: 1773 daAuts
     D:4: 1639 daAuts
     D:1: 187 daAuts
     D:5: 172 daAuts
     D:6: 8 daAuts
